Workbook

Sheet Dashboard
B2: Executive Dashboard
B3: FY 2025 Performance Overview | All figures in USD
B5: TOTAL REVENUE | E5: GROSS PROFIT | H5: NET PROFIT | K5: TOTAL CUSTOMERS | N5: AVG ORDER VALUE
B6: =SUM(Data!C6:C17) -> 4665000 | E6: =SUM(Data!E6:E17) -> 2840350 | H6: =SUM(Data!G6:G17) -> 1536350 | K6: =SUM(Data!I6:I17) -> 2333 | N6: =AVERAGE(Data!J6:J17) -> 1999.699
B7: =Data!C17/Data!C16-1 -> 0.10638298 | E7: =Data!E17/Data!E16-1 -> 0.12394461 | H7: =Data!G17/Data!G16-1 -> 0.18001136 | K7: =Data!I17/Data!I16-1 -> 0.10638298 | N7: =Data!J17/Data!J16-1 -> 0
B8: vs. Prior Month | E8: vs. Prior Month | H8: vs. Prior Month | K8: vs. Prior Month | N8: vs. Prior Month

Sheet Data
B2: Dashboard Data
B4: MONTHLY PERFORMANCE DATA
B5: Month | C5: Revenue | D5: COGS | E5: Gross Profit | F5: Expenses | G5: Net Profit | H5: Revenue Target | I5: Customers | J5: Avg Order Value
B6: Jan | C6: 285000 | D6: 119700 | E6: =C6-D6 -> 165300 | F6: 95000 | G6: =E6-F6 -> 70300 | H6: 300000 | I6: 142 | J6: =C6/I6 -> 2007.0423
B7: Feb | C7: 310000 | D7: 127100 | E7: =C7-D7 -> 182900 | F7: 98000 | G7: =E7-F7 -> 84900 | H7: 320000 | I7: 155 | J7: =C7/I7 -> 2000
B8: Mar | C8: 340000 | D8: 136000 | E8: =C8-D8 -> 204000 | F8: 102000 | G8: =E8-F8 -> 102000 | H8: 340000 | I8: 170 | J8: =C8/I8 -> 2000
B9: Apr | C9: 325000 | D9: 136500 | E9: =C9-D9 -> 188500 | F9: 100000 | G9: =E9-F9 -> 88500 | H9: 360000 | I9: 163 | J9: =C9/I9 -> 1993.865
B10: May | C10: 365000 | D10: 146000 | E10: =C10-D10 -> 219000 | F10: 105000 | G10: =E10-F10 -> 114000 | H10: 380000 | I10: 182 | J10: =C10/I10 -> 2005.4945
B11: Jun | C11: 390000 | D11: 152100 | E11: =C11-D11 -> 237900 | F11: 108000 | G11: =E11-F11 -> 129900 | H11: 400000 | I11: 195 | J11: =C11/I11 -> 2000
B12: Jul | C12: 375000 | D12: 153750 | E12: =C12-D12 -> 221250 | F12: 106000 | G12: =E12-F12 -> 115250 | H12: 400000 | I12: 188 | J12: =C12/I12 -> 1994.6809
B13: Aug | C13: 410000 | D13: 159900 | E13: =C13-D13 -> 250100 | F13: 112000 | G13: =E13-F13 -> 138100 | H13: 420000 | I13: 205 | J13: =C13/I13 -> 2000
B14: Sep | C14: 425000 | D14: 161500 | E14: =C14-D14 -> 263500 | F14: 115000 | G14: =E14-F14 -> 148500 | H14: 440000 | I14: 213 | J14: =C14/I14 -> 1995.3052
B15: Oct | C15: 450000 | D15: 171000 | E15: =C15-D15 -> 279000 | F15: 118000 | G15: =E15-F15 -> 161000 | H15: 460000 | I15: 225 | J15: =C15/I15 -> 2000
B16: Nov | C16: 470000 | D16: 173900 | E16: =C16-D16 -> 296100 | F16: 120000 | G16: =E16-F16 -> 176100 | H16: 480000 | I16: 235 | J16: =C16/I16 -> 2000
B17: Dec | C17: 520000 | D17: 187200 | E17: =C17-D17 -> 332800 | F17: 125000 | G17: =E17-F17 -> 207800 | H17: 500000 | I17: 260 | J17: =C17/I17 -> 2000
B18: TOTAL | C18: =SUM(C6:C17) -> 4665000 | D18: =SUM(D6:D17) -> 1824650 | E18: =SUM(E6:E17) -> 2840350 | F18: =SUM(F6:F17) -> 1304000 | G18: =SUM(G6:G17) -> 1536350 | H18: =SUM(H6:H17) -> 4800000 | I18: =SUM(I6:I17) -> 2333 | J18: =AVERAGE(J6:J17) -> 1999.699
B21: EXPENSE BREAKDOWN
B22: Category | C22: Amount | D22: % of Total
B23: Salaries & Wages | C23: 720000 | D23: =C23/SUM(C$23:C$29) -> 0.55214724
B24: Marketing & Advertising | C24: 180000 | D24: =C24/SUM(C$23:C$29) -> 0.13803681
B25: Rent & Facilities | C25: 144000 | D25: =C25/SUM(C$23:C$29) -> 0.11042945
B26: Technology & Software | C26: 96000 | D26: =C26/SUM(C$23:C$29) -> 0.073619632
B27: Professional Services | C27: 72000 | D27: =C27/SUM(C$23:C$29) -> 0.055214724
B28: Travel & Entertainment | C28: 48000 | D28: =C28/SUM(C$23:C$29) -> 0.036809816
B29: Other Operating | C29: 44000 | D29: =C29/SUM(C$23:C$29) -> 0.033742331
B32: REVENUE BY REGION
B33: Region | C33: Revenue | D33: % of Total
B34: North America | C34: 2680000 | D34: =C34/SUM(C$34:C$37) -> 0.57449089
B35: Europe | C35: 1180000 | D35: =C35/SUM(C$34:C$37) -> 0.25294748
B36: Asia Pacific | C36: 620000 | D36: =C36/SUM(C$34:C$37) -> 0.13290461
B37: Latin America | C37: 185000 | D37: =C37/SUM(C$34:C$37) -> 0.03965702
